 Dungeon Sprint DCSS version 0.31-a0-18-gea43df2a32 (webtiles) character file.

Game seed: 15039125931906662079

4490 bmack86 the Severer (level 10, -3/107 HPs)
             Began as a Minotaur Berserker on May 10, 2023.
             Was a High Priest of Trog.
             Slain by an unseen horror (7 damage)
             ... in the Dungeon (Sprint I: "Red Sonja").
             The game lasted 00:05:58 (1058 turns).

bmack86 the Severer (Minotaur Berserker)            Turns: 1058, Time: 00:05:59

Health: -3/107     AC: 10    Str: 25    XL:     10   Next: 16%
Magic:  9/9        EV: 12    Int:  4    God:    Trog [*****.]
Gold:   431        SH:  0    Dex: 11    Spells: 9/9 levels left

rFire   . . .        a - +0 hand axe
rCold   . . .        (no shield)
rNeg    . . .        j - +0 ring mail
rPois   .            (helmet restricted)
rElec   .            (no cloak)
rCorr   .            p - +0 pair of gloves
SInv    .            (no boots)
Will    .....        (no amulet)
Stlth   +            (no ring)
HPRegen 0.37/turn    (no ring)
MPRegen 0.11/turn

%: no teleportation
@: no status effects
A: horns 2, retaliatory headbutt
a: Renounce Religion, Berserk, Trog's Hand, Brothers in Arms


You were in the Dungeon.
You worshipped Trog.
Trog was extremely pleased with you.
You visited 1 branch You collected 758 gold pieces.
You spent 327 gold pieces at shops.

Inventory:

Hand Weapons
 a - a +0 hand axe (weapon)
Armour
 b - a +0 animal skin
 j - a +0 ring mail (worn)
 p - a +0 pair of gloves (worn)
 q - a +0 ring mail
Wands
 i - a wand of flame (16) (quivered)
Scrolls
 h - a scroll of blinking
 l - a scroll of amnesia {unknown}
 m - a scroll of identify {unknown}
 n - a scroll of fog
 o - a scroll of magic mapping {unknown}
Potions
 c - a potion of curing
 d - a potion of heal wounds
 e - a potion of haste
 f - 2 potions of magic
 g - a potion of berserk rage
 k - 3 potions of might


   Skills:
 + Level 15.9 Fighting
 + Level 16.0 Axes
 + Level 15.3 Armour
 - Level 3.0 Dodging
 + Level 7.6 Evocations


You had 9 spell levels left.
You didn't know any spells.
Your spell library was empty.

Dungeon Overview and Level Annotations

Branches:
Dungeon (1/1)

Altars:
Cheibriados
Dithmenos
Elyvilon
Fedhas
Gozag
Hepliaklqana
Kikubaaqudgha
Makhleb
Nemelex Xobeh
Okawaru
Qazlal
Ru
Sif Muna
Trog
Uskayaw
Vehumet
Wu Jian
Xom
Yredelemnul
Zin
The Shining One
Jiyva
Lugonu

Shops:
D ![


Innate Abilities, Weirdness & Mutations

You have a pair of horns on your head.
You reflexively headbutt those who attack you in melee.


Message History

* * * LOW HITPOINT WARNING * * *
Something hits you.
* * * LOW HITPOINT WARNING * * *
Things that are here:
a necrophage corpse; a necrophage corpse You hit something.
Your headbutt misses something. Something hits you!
* * * LOW HITPOINT WARNING * * *
Something hits your ogre.
Your ogre dies!
Your ogre's corpse disappears in a puff of smoke!
Unknown command.
Your two-headed ogre goes berserk!
Something hits your two-headed ogre.
You feel much better. Something hits your two-headed ogre.
Something hits you but does no damage. Something hits you!
* * * LOW HITPOINT WARNING * * *
You hit something but do no damage. Your headbutt misses something.
Something hits you.
* * * LOW HITPOINT WARNING * * *
Something hits you!
* * * LOW HITPOINT WARNING * * *
Something hits you.
* * * LOW HITPOINT WARNING * * *
Your two-headed ogre rages.
Something hits your two-headed ogre. Something hits you!
* * * LOW HITPOINT WARNING * * *
Something hits you but does no damage. Something barely misses you.
Your two-headed ogre rages.
You barely miss something. Your headbutt misses something.
Something barely misses you.
You feel much better. Something hits you.
* * * LOW HITPOINT WARNING * * *
Something hits you.
* * * LOW HITPOINT WARNING * * *
Something hits you!
* * * LOW HITPOINT WARNING * * *
You slash something! You hit something but do no damage. Something hits you!
You die...

#######
####'###.###.#
+.....'(∩##.#
###########.#
#.......##.#
#...... +.#
#'''######§#
#......§§#§#
######....§§§#§.#
#?(=).†@..§§§####
#?($.†O{..§§~#
##....†..~~§##
###..~~~~###
+######+


You could see a friendly two-headed ogre (summoned, berserk).

Vanquished Creatures
  2 centaur warriors (D)
  A deep troll (D)
  An oklob plant (D)
  2 kobold demonologists (D)
  A hornet (D)
  A slime creature (D)
  Sigmund (D)
  A yak (D)
  2 redbacks (D)
  2 floating eyes (D)
  An ogre (D)
  2 jellies (D)
  Ijyb (D)
18 creatures vanquished.

Vanquished Creatures (collateral kills)
  7 necrophages (D)
  6 jellies (D)
13 creatures vanquished.

Grand Total: 31 creatures vanquished

Notes
Turn   | Place    | Note
-------+----------+-------------------------------------------
     0 | D        | bmack86 the Minotaur Berserker began the quest for the Orb.
     0 | D        | Reached XP level 1. HP: 19/19 MP: 0/0
     2 | D        | Noticed Ijyb
     7 | D        | Killed Ijyb
     8 | D        | Reached skill level 5 in Fighting
     8 | D        | Reached skill level 5 in Axes
     8 | D        | Reached XP level 2. HP: 22/30 MP: 1/1
    85 | D        | Noticed an ogre
    89 | D        | Killed an ogre
    90 | D        | Reached skill level 7 in Axes
    90 | D        | Reached skill level 5 in Armour
    90 | D        | Reached XP level 3. HP: 28/39 MP: 2/2
    90 | D        | Reached XP level 4. HP: 34/47 MP: 3/3
   172 | D        | Noticed Sigmund
   178 | D        | Killed Sigmund
   178 | D        | Reached ** piety under Trog
   179 | D        | Reached skill level 9 in Axes
   179 | D        | Reached XP level 5. HP: 57/57 MP: 4/4
   179 | D        | Reached XP level 6. HP: 64/64 MP: 5/5
   234 | D        | Found a burning altar of Makhleb.
   234 | D        | Found a viscous altar of Jiyva.
   234 | D        | Found a shimmering altar of Xom.
   234 | D        | Found a corrupted altar of Lugonu.
   234 | D        | Noticed a slime creature
   238 | D        | Killed a slime creature
   239 | D        | Reached skill level 10 in Fighting
   239 | D        | Reached skill level 10 in Axes
   289 | D        | Noticed a kobold demonologist
   289 | D        | Noticed a floating eye
   289 | D        | Noticed a kobold demonologist
   290 | D        | Noticed an ice devil
   291 | D        | Killed a floating eye
   292 | D        | Reached skill level 11 in Axes
   292 | D        | Reached skill level 10 in Armour
   292 | D        | Reached XP level 7. HP: 74/74 MP: 6/6
   303 | D        | Killed a kobold demonologist
   303 | D        | Reached *** piety under Trog
   304 | D        | Reached skill level 12 in Axes
   304 | D        | Killed a kobold demonologist
   305 | D        | Reached XP level 8. HP: 85/85 MP: 7/7
   329 | D        | Found an ornate altar of the Wu Jian Council.
   329 | D        | Found a shimmering blue altar of Sif Muna.
   331 | D        | Found a radiant altar of Vehumet.
   369 | D        | Found Vixziut's Distillery.
   369 | D        | Found an ancient bone altar of Kikubaaqudgha.
   369 | D        | Found a hazy altar of Hepliaklqana.
   369 | D        | Found a stormy altar of Qazlal.
   369 | D        | Found a hide-covered altar of Uskayaw.
   369 | D        | Found a blossoming altar of Fedhas.
   369 | D        | Found a bloodstained altar of Trog.
   369 | D        | Found an iron altar of Okawaru.
   369 | D        | Found a basalt altar of Yredelemnul.
   369 | D        | Found a glowing golden altar of the Shining One.
   369 | D        | Found a snail-covered altar of Cheibriados.
   369 | D        | Found a sacrificial altar of Ru.
   369 | D        | Found a glowing silver altar of Zin.
   369 | D        | Found a shadowy altar of Dithmenos.
   369 | D        | Found a white marble altar of Elyvilon.
   382 | D        | Reached skill level 13 in Axes
   382 | D        | Reached skill level 1 in Evocations
   382 | D        | Found an opulent altar of Gozag.
   383 | D        | Found a sparkling altar of Nemelex Xobeh.
   387 | D        | Bought a potion of might for 44 gold pieces
   387 | D        | Bought 2 potions of heal wounds for 110 gold pieces
   387 | D        | Bought a potion of might for 44 gold pieces
   387 | D        | Bought a potion of might for 44 gold pieces
   500 | D        | Noticed a centaur warrior
   500 | D        | Noticed a centaur warrior
   516 | D        | Killed a centaur warrior
   516 | D        | Reached **** piety under Trog
   519 | D        | Killed a centaur warrior
   520 | D        | Reached skill level 14 in Axes
   520 | D        | Reached skill level 5 in Evocations
   520 | D        | Reached XP level 9. HP: 64/96 MP: 8/8
   592 | D        | Noticed a deep troll
   599 | D        | Killed a deep troll
   612 | D        | Found Yjerch's Armour Emporium.
   621 | D        | Bought a +0 pair of gloves for 45 gold pieces
   621 | D        | Bought a +0 ring mail for 40 gold pieces
   645 | D        | Reached skill level 15 in Fighting
   645 | D        | Reached skill level 15 in Axes
   681 | D        | Noticed an oklob plant
   687 | D        | Killed an oklob plant
   739 | D        | Reached ***** piety under Trog
  1011 | D        | Reached XP level 10. HP: 96/106 MP: 9/9
  1013 | D        | Reached skill level 15 in Armour
  1028 | D        | Reached skill level 16 in Axes
  1055 | D        | HP: 1/107 [something (8)]
  1058 | D        | Slain by an unseen horror

Illustrated notes

Levels and vault maps discovered:
D:        dungeon_sprint_1 [red_sonja_temple_1, red_sonja_temple_small_1]

Skill      XL: |  1  2  3  4  5  6  7  8  9 10 |
---------------+-------------------------------+-----
Fighting       | 5 7 9 11 12 14 15 | 15.9
Axes           | 5 7 9 11 12 14 15 16 | 16.0
Armour         | 3 5 8 10 12 13 14 15 | 15.3
Dodging        | 3 |  3.0
Evocations     | 5 7 |  7.6

Action                     |  1- 3 |  4- 6 |  7- 9 | 10-12 || total
---------------------------+-------+-------+-------+-------++-------
  Melee: Hand axe          |     6 |     8 |    56 |     4 ||    74
         Headbutt          |       |     1 |    16 |       ||    17
         Punch             |       |       |     1 |       ||     1
 Invoke: Berserk           |     2 |     3 |     5 |       ||    10
         Brothers in Arms  |       |       |     2 |     2 ||     4
  Evoke: Wand              |       |       |     2 |       ||     2
    Use: Scroll            |       |       |     1 |       ||     1
         Potion            |       |       |       |     2 ||     2
 Armour: Ring mail         |       |       |    17 |    24 ||    41
  Dodge: Dodged            |     3 |     2 |    20 |     4 ||    29

Table legend: (Time is in decaauts)
 A = Elapsed time spent in this place.
 B = Non-inter-level travel time spent in this place.
 C = Inter-level travel time spent in this place.
 D = Time resting spent in this place.
 E = Time spent auto-exploring this place.
 F = Levels seen in this place.
 G = Mean time per level.
                   A        B        C        D        E       F      G
               +--------+--------+--------+--------+--------+-----+--------+
         Total |   1144 |   1127 |     17 |    666 |      0 |   1 | 1144.0 |
       Dungeon |   1144 |   1127 |     17 |    666 |      0 |   1 | 1144.0 |
               +--------+--------+--------+--------+--------+-----+--------+

Top non-repeatable levels by time:
       D: 1144 daAuts
